 Dungeon Crawl Stone Soup version 0.24-a0-123-ga2403f3307 (webtiles) character file.

Game seed: 342051261992279186

163 Hercules1031 the Shield-Bearer (level 5, 0/42 HPs)
             Began as a Formicid Fighter on Feb 20, 2019.
             Slain by a goblin (3 damage)
             ... led by Robin
             ... on level 2 of the Dungeon.
             The game lasted 00:05:59 (1340 turns).

Hercules1031 the Shield-Bearer (Formicid Fighter)   Turns: 1340, Time: 00:05:59

Health: 0/42       AC:  7    Str: 27    XL:     5   Next: 73%
Magic:  5/5        EV:  9    Int:  7    God:
Gold:   107        SH: 10    Dex: 10    Spells: 4/4 levels left

rFire    . . .     SeeInvis +   a - +0 quarterstaff
rCold    . . .     Gourm    .   c - +0 shield
rNeg     . . .     Faith    .   b - +0 scale mail
rPois    .         Spirit   .   (helmet unavailable)
rElec    .         Reflect  .   (no cloak)
rCorr    .         Harm     .   (no gloves)
MR       .....                  (no boots)
Stlth    ..........             (no amulet)
HPRegen  0.14/turn              g - +5 ring of strength
MPRegen  0.09/turn              (no ring)

@: no status effects
A: permanent stasis, dig shafts and tunnels, four strong arms, antennae 3
a: Dig, Shaft Self


You were on level 2 of the Dungeon.
You were completely stuffed.

You visited 1 branch of the dungeon, and saw 3 of its levels.

You collected 107 gold pieces.

Inventory:

Hand Weapons
 a - a +0 quarterstaff (weapon)
Armour
 b - a +0 scale mail (worn)
 c - a +0 shield (worn)
Jewellery
 g - a +5 ring of strength (left hand)
 h - an uncursed ring of magical power {unknown}
Wands
 i - a wand of digging (5)
Scrolls
 e - a scroll of magic mapping {unknown}
Potions
 d - 2 potions of might
Comestibles
 f - 4 rations


   Skills:
 + Level 4.1 Fighting
 + Level 2.9 Staves
 + Level 4.1 Armour
 + Level 1.9 Dodging
 + Level 4.5 Shields


You had 4 spell levels left.
You didn't know any spells.
Your spell library was empty.

Dungeon Overview and Level Annotations

Branches:
Dungeon (3/15)

Altars:

Annotations:
D:3 Robin


Innate Abilities, Weirdness & Mutations

You cannot be hasted, slowed, berserked, paralysed or teleported.
You can dig through walls and to a lower floor.
Your four strong arms can wield two-handed weapons with a shield.
You have a pair of large antennae on your head. (SInv)


Message History

The orc hits you but does no damage.
Unknown command.
You hit the orc.
You kill the orc!
The hobgoblin closely misses you. You block the goblin's attack.
The goblin closely misses you.
Unknown command.
Unknown command.
You block the goblin's attack. The goblin hits you but does no damage.
Items here: )) [ † a +0 mace; a +0 ring mail; a +0 flail; an orc corpse Unknown command.
The goblin hits you but does no damage.
You hit the goblin.
The goblin is moderately wounded.
You block the goblin's attack.
You hit the goblin.
The goblin is heavily wounded.
The goblin hits you.
You die...

#..(....#.########
##########..##########
...................[>###########
................[..)(...(....<.#
###########..###.###############
#...#.# #g# #...#.# #g#
########...#.# #g#
.##....#...#.# #@#
..#....#...#.###.#
...........#..##.#
.....)...####.##.####
.#.##...............#
.#.##..........#.##.#
.#.##..........#.##.#
.#.##.......†....##.#
.#.##.........#..##.#


You could see a hobgoblin and 2 goblins.

Vanquished Creatures
  2 orc priests (D:3)
  3 adders (D:2)
  A worm (D:2)
  A dart slug (D:2)
  A leopard gecko (D:2)
  7 orcs
  10 bats
  4 giant cockroaches
  4 hobgoblins
  4 jackals (D:1)
  A quokka (D:2)
  A frilled lizard (D:2)
  16 goblins
  4 kobolds
  4 rats (D:1)
63 creatures vanquished.

Notes
Turn   | Place    | Note
-------+----------+-------------------------------------------
     0 | D:1      | Hercules1031 the Formicid Fighter began the quest for the
                  | Orb.
     0 | D:1      | Reached XP level 1. HP: 18/18 MP: 1/1
    37 | D:1      | Reached XP level 2. HP: 19/24 MP: 2/2
   238 | D:1      | Reached XP level 3. HP: 29/29 MP: 3/3
   517 | D:2      | Reached skill level 1 in Dodging
   597 | D:2      | Reached XP level 4. HP: 33/37 MP: 4/4
   946 | D:3      | Reached XP level 5. HP: 42/42 MP: 5/5
  1146 | D:3      | Noticed Robin
  1327 | D:2      | HP: 2/42 [goblin[Robin] (3)]
  1340 | D:2      | Slain by a goblin

Levels and vault maps discovered:
D:1:      lemuel_arrival_room, layout_basic, solitary_fountain
D:2:      layout_basic, first_ration
D:3:      layout_loops_ring, lemuel_doored_altar, kennysheep_generic_room_3,
          uniq_robin, uniq_grinder

Skill      XL: |  1  2  3  4  5 |
---------------+----------------+-----
Shields        | 4 |  4.5
Dodging        | 1 |  1.9
Armour         | 4 |  4.1
Fighting       | 4 |  4.1
Staves         | |  2.9

Action                   |  1- 3 |  4- 6 || total
-------------------------+-------+-------++-------
Melee: Quarterstaff      |    81 |   101 ||   182
  Use: Scroll            |     2 |       ||     2
  Eat: Ration            |       |     3 ||     3
Armor: Scale mail        |    55 |    63 ||   118
Dodge: Dodged            |    31 |    72 ||   103
Block: Shield            |    56 |    91 ||   147

Table legend:
 A = Non-vault XP
 B = Vault XP
 C = Vault XP percentage of total XP
 D = Non-vault monster count
 E = Vault monster count
 F = Vault count percentage of total count
                 A         B        C        D         E       F
            +---------+---------+-------+---------+---------+-------
      Total |     220 |      14 |   6.0 |      56 |       7 |  11.1
            +---------+---------+-------+---------+---------+-------
        D:1 |      33 |       0 |   0.0 |      20 |       0 |   0.0
        D:2 |      97 |       8 |   7.6 |      31 |       4 |  11.4
        D:3 |      90 |       6 |   6.2 |       5 |       3 |  37.5
            +---------+---------+-------+---------+---------+-------
